 Dungeon Crawl Stone Soup version 0.17-a0-1571-g3ed2ab2 (webtiles) character file.

72 Chiseanne the Slasher (level 4, -1/33 HPs)
             Began as a Demonspawn Wanderer on July 24, 2015.
             Slain by a gnoll
             ... wielding a +0 flail
              (3 damage)
             ... on level 2 of the Dungeon.
             The game lasted 00:04:29 (1662 turns).

Chiseanne the Slasher (Demonspawn Wanderer)         Turns: 1662, Time: 00:04:29

Health: -1/33      AC:  8    Str: 10    XL:     4   Next: 7%
Magic:  7/7        EV:  8    Int: 14    God:
Gold:   106        SH:  0    Dex: 15    Spells: 1 memorised, 6 levels left

rFire  . . .     SeeInvis .     a - +3 falchion
rCold  . . .     Clarity  .     k - +0 scale mail
rNeg   . . .     SustAt   .     (no shield)
rPois  .         Gourm    .     o - +0 helmet
rElec  .         Spirit   .     (no cloak)
rCorr  .         Warding  .     (no gloves)
rMut   .         Stasis   .     e - +0 pair of boots
MR     .....                    (no amulet)
Stlth  +.........               (no ring)
                                (no ring)

@: not resistant to hostile enchantments, very unstealthy
A: hooves 1
a: no special abilities


You were on level 2 of the Dungeon.
You were not hungry.

You visited 1 branch of the dungeon, and saw 2 of its levels.

You collected 106 gold pieces.

Inventory:

Hand weapons
 a - a +3 falchion (weapon)
Missiles
 d - 15 bolts
 h - 61 sling bullets
Armour
 e - a +0 pair of boots (worn)
 k - a +0 scale mail (worn)
 o - a +0 helmet (worn)
Scrolls
 g - 5 scrolls of identify
 m - 3 scrolls of remove curse
 p - a scroll of blinking
 s - a scroll of immolation {unknown}
Potions
 j - a potion of invisibility {unknown}
 q - a potion of agility {unknown}
 r - a potion of ambrosia {unknown}
Books
 b - the Compendium of the Traveller

   Spells                             Type                      Level
   a - Apportation                    Translocation                1
   b - Teleport Other                 Translocation                3
 c - Iskenderun's Collected Works on Attacks

   Spells                             Type                      Level
   a - Magic Dart                     Conjuration                  1
   b - Sting                          Conjuration/Poison           1
Comestibles
 f - 2 bread rations
 i - a meat ration
 n - 2 chunks of flesh


   Skills:
 * Level 2.1 Fighting
 - Level 2.6 Long Blades
 - Level 1.0 Throwing
 * Level 1.5 Armour
 + Level 1.4 Dodging
 - Level 1.7 Stealth
 - Level 2.2 Spellcasting
 - Level 1.0 Conjurations
   Level 1.0 Evocations


You had 6 spell levels left.
You knew the following spells:

 Your Spells              Type           Power        Failure   Level  Hunger
a - Magic Dart            Conj           #...         90%         1    #......


Dungeon Overview and Level Annotations

Branches:
Dungeon (2/15)

Altars:
Elyvilon


Innate Abilities, Weirdness & Mutations

You have large cloven feet.


Message History

* * * LOW HITPOINT WARNING * * *
Drink which item? (? for menu, Esc to quit)
You feel better. The gnoll barely misses you. The gnoll hits you with a flail.
* * * LOW HITPOINT WARNING * * *
Some of the chunks of flesh in your inventory have rotted away.
You hit the gnoll.
The gnoll is heavily wounded.
The gnoll closely misses you. The gnoll hits you but does no damage.
You hit the gnoll.
The gnoll is severely wounded.
The gnoll hits you with a spear.
* * * LOW HITPOINT WARNING * * *
The gnoll closely misses you.
You hit the gnoll.
The gnoll is almost dead.
The gnoll barely misses you.
Your scale mail prevents you from hitting the gnoll.
The gnoll is almost dead.
The gnoll hits you with a flail.
You die...

.......##### ##.# ##.#.###
#####..# #.#.# #..%#### #.#.#
#.}.# #.#.# ... #### .#
#.##########'## #... .#
#..........#..# ##########... .
#..........##)# #.......##...
##.#..........##@####.......##...
...#............gg#.(............
######.##########.#.#.).....##...
............# #<#.#.#)......#####
#......####.# #.#.#.#.......#
#.....)...#.# #.#.#.#########
#รท..##.##.#.# #.#.#.#
....#...#.#.###.#.#.#
......_......##.# #.#


You could see 2 gnolls.

Vanquished Creatures
  Robin (D:2)
  An adder (D:2)
  A worm (D:2)
  2 giant geckos
  2 bats (D:2)
  16 hobgoblins
  5 kobolds
  A quokka (D:2)
  2 ball pythons
  A giant cockroach (D:1)
  A giant newt (D:2)
  6 goblins (D:2)
  5 rats
44 creatures vanquished.

Notes
Turn   | Place    | Note
--------------------------------------------------------------
     0 | D:1      | Chiseanne the Demonspawn Wanderer began the quest for the Orb.
     0 | D:1      | Chiseanne set off with: a +2 falchion, the Compendium of the Traveller, Iskenderun's Collected Works on Attacks, a +0 robe, a +0 dagger, a bread ration
     0 | D:1      | Reached XP level 1. HP: 13/13 MP: 3/3
     2 | D:1      | Identified the Compendium of the Traveller
     2 | D:1      | Identified Iskenderun's Collected Works on Attacks
     4 | D:1      | Learned a level 1 spell: Magic Dart
   381 | D:1      | Gained mutation: You have large cloven feet. [demonic ancestry]
   381 | D:1      | Reached XP level 2. HP: 12/20 MP: 5/5
   613 | D:1      | Reached skill level 1 in Fighting
   894 | D:2      | Found a white marble altar of Elyvilon.
   992 | D:2      | Reached skill level 1 in Dodging
   993 | D:2      | Noticed Robin
  1006 | D:2      | Reached skill level 1 in Armour
  1006 | D:2      | Reached XP level 3. HP: 26/26 MP: 6/6
  1030 | D:2      | Killed Robin
  1528 | D:2      | Reached XP level 4. HP: 33/33 MP: 7/7
  1657 | D:2      | HP: 1/33 [gnoll/flail (7)]
  1662 | D:2      | Slain by a gnoll

Vault maps used:
D:1:      scummos_arrival_checkerplants
D:2:      nicolae_overflow_crystal_walls, first_bread, amalloy_card_club,
          uniq_robin

Action                   |  1- 3 |  4- 6 || total
-------------------------+-------+-------++-------
Melee: Falchion          |   117 |    20 ||   137
  Use: Scroll            |     6 |       ||     6
       Potion            |       |     1 ||     1
  Eat: Chunk             |     2 |     1 ||     3
